 Dungeon Crawl Stone Soup version 0.17-a0-737-gf0a300a (webtiles) character file.

157 Jine the Ducker (level 5, -9/42 HPs)
             Began as a Demonspawn Gladiator on May 7, 2015.
             Killed by divine providence
             ... invoked by an orc priest
              (12 damage)
             ... on level 3 of the Dungeon.
             The game lasted 00:16:48 (3247 turns).

Jine the Ducker (Demonspawn Gladiator)              Turns: 3247, Time: 00:16:48

Health: -9/42      AC:  6    Str: 15    XL:     5   Next: 15%
Magic:  5/5        EV: 13    Int:  9    God:
Gold:   64         SH:  0    Dex: 15    Spells: 0 memorised, 4 levels left

rFire  . . .     SeeInvis .     a - +0 flail
rCold  . . .     Clarity  .     l - +0 leather armour
rNeg   . . .     SustAb   .     (no shield)
rPois  .         Gourm    .     c - +0 helmet
rElec  .         Spirit   .     n - +0 cloak
rCorr  .         Warding  .     (no gloves)
rMut   .         Stasis   .     (no boots)
MR     .....                    (no amulet)
Stlth  +.........               (no ring)
                                (no ring)

@: not resistant to hostile enchantments, very unstealthy
A: rugged brown scales 1, spiny 1, rot immunity
a: no special abilities


You were on level 3 of the Dungeon.
You were full.

You visited 1 branch of the dungeon, and saw 3 of its levels.

You collected 64 gold pieces.

Inventory:

Hand weapons
 a - a +0 flail (weapon)
 r - a +0 club
Missiles
 d - 3 throwing nets (quivered)
Armour
 b - a +0 leather armour
 c - a +0 helmet (worn)
 e - a +0 chain mail
 i - a +0 robe
 k - a +0 robe
 l - a +0 leather armour (worn)
 m - a +2 scale mail of fire resistance
 n - a +0 cloak (worn)
Scrolls
 h - a scroll of enchant weapon {unknown}
 o - a scroll of teleportation {unknown}
 s - 2 scrolls of identify {unknown}
Potions
 f - 2 potions of might {unknown}
 p - 2 potions of heal wounds {unknown}
Comestibles
 g - a fruit
 j - 3 beef jerkies
 q - a royal jelly


   Skills:
 + Level 3.1 Fighting
 + Level 3.3 Maces & Flails
 + Level 1.8 Throwing
 + Level 1.4 Armour
 + Level 3.9 Dodging
 + Level 0.4 Stealth


You had 4 spell levels left.
You didn't know any spells.

Dungeon Overview and Level Annotations

Branches:
Dungeon (3/15)

Altars:


Innate Abilities, Weirdness & Mutations

You are partially covered in rugged brown scales (AC +1, +3% HP).
You are partially covered in sharp spines.
You are immune to rotting.


Message History

The orc is moderately wounded.
The rat completely misses you. The orc hits you with a club!
You hit the orc.
The orc is severely wounded.
The orc priest mumbles some strange prayers to Beogh against you.
Something smites you! The rat bites you but does no damage.
The orc hits you but does no damage. The rat misses you.
The orc priest glows brightly for a moment.
You closely miss the orc.
The orc is severely wounded.
The orc closely misses you. The rat closely misses you.
The orc priest calls down the wrath of Beogh upon you.
Something smites you!
* * * LOW HITPOINT WARNING * * *
You closely miss the orc.
The orc is severely wounded.
The orc completely misses you.
The orc priest invokes the aid of Beogh against you.
Something smites you!
You die...

###
###...###
#..# #..#
...# #.<#
###
#..###..#
...#...>.#.#
#$#.#.###.#
#oor####.#
#@......#
#...######
#.#.# #.#.#
..#..
#######


You could see an orc priest, an orc and a rat.

Vanquished Creatures
  An orc wizard (D:3)
  Terence (D:2)
  4 adders (D:2)
  2 worms (D:2)
  3 giant geckos
  10 bats
  3 giant cockroaches
  7 goblins
  7 hobgoblins
  8 jackals
  2 giant newts
  9 kobolds
  3 rats
60 creatures vanquished.

Notes
Turn   | Place    | Note
--------------------------------------------------------------
     0 | D:1      | Jine, the Demonspawn Gladiator, began the quest for the Orb.
     0 | D:1      | Reached XP level 1. HP: 16/16 MP: 1/1
   213 | D:1      | Reached skill level 3 in Dodging
   213 | D:1      | Gained mutation: You are partially covered in rugged brown scales (AC +1, +3% HP). [demonic ancestry]
   213 | D:1      | Reached XP level 2. HP: 11/22 MP: 2/2
  1534 | D:2      | Reached XP level 3. HP: 28/28 MP: 3/3
  1821 | D:2      | Noticed Terence
  1846 | D:2      | Killed Terence
  2040 | D:2      | Gained mutation: You are immune to rotting. [demonic ancestry]
  2040 | D:2      | Reached XP level 4. HP: 35/35 MP: 4/4
  2310 | D:2      | Reached skill level 1 in Armour
  3240 | D:3      | Gained mutation: You are partially covered in sharp spines. [demonic ancestry]
  3240 | D:3      | Reached XP level 5. HP: 40/42 MP: 5/5
  3247 | D:3      | Killed from afar by an orc priest

Action                   |  1- 3 |  4- 6 || total
-------------------------+-------+-------++-------
Melee: Flail             |   150 |   122 ||   272
  Use: Scroll            |     1 |       ||     1
  Eat: Fruit             |     4 |       ||     4
       Bread ration      |     1 |     1 ||     2
